 Dungeon Crawl Stone Soup version 0.31-a0-835-g2a3a5bc3be (webtiles) character file.

Game seed: 11822406100976707247

77 Nedwor the Cutter (level 4, 34/34 HPs)
             Began as a Demonspawn Gladiator on Sept 26, 2023.
             Was a Follower of Uskayaw.
             Quit the game on level 2 of the Dungeon.
             The game lasted 00:01:57 (1237 turns).

Nedwor the Cutter (Demonspawn Gladiator)            Turns: 1237, Time: 00:01:58

Health: 34/34      AC:  9    Str: 16    XL:     4   Next: 13%
Magic:  4/4        EV:  8    Int: 12    God:    Uskayaw [*.....]
Gold:   106        SH:  0    Dex: 14    Spells: 3/3 levels left

rFire   . . .        a - +0 rapier
rCold   . . .        (no shield)
rNeg    . . .        k - +0 chain mail
rPois   .            c - +0 helmet
rElec   .            (no cloak)
rCorr   .            (no gloves)
SInv    .            (no boots)
Will    .....        (no amulet) Stlth
                     (no ring)
HPRegen 0.25/turn    (no ring)
MPRegen 0.09/turn

%: no passive effects
@: no status effects
A: big brain 1, demonic magic 1
a: Renounce Religion, Stomp


You were on level 2 of the Dungeon.
You worshipped Uskayaw.
Uskayaw was noncommittal.
You visited 1 branch of the dungeon, and saw 2 of its levels.

You collected 106 gold pieces.

Inventory:

Hand Weapons
 a - a +0 rapier (weapon)
Missiles
 d - 3 throwing nets (quivered)
 e - a javelin
 i - 3 silver javelins
Armour
 c - a +0 helmet (worn)
 k - a +0 chain mail (worn)
Potions
 b - a potion of ambrosia {unknown}
 f - a potion of might {unknown}


   Skills:
 + Level 2.6 Fighting
 * Level 3.5 Short Blades
 - Level 1.7 Throwing
 + Level 1.3 Armour
 + Level 3.1 Dodging


You had 3 spell levels left.
You didn't know any spells.
Your spell library was empty.

Dungeon Overview and Level Annotations

Branches:
Dungeon (2/15)

Altars:
Uskayaw


Innate Abilities, Weirdness & Mutations

You have an unusually large brain. (Int +2)
Spells you cast may paralyse adjacent enemies.


Message History

Terence is moderately wounded.
Terence hits you but does no damage.
You hit Terence but do no damage.
Terence is moderately wounded.
Terence hits you but does no damage.
You closely miss Terence.
Terence is moderately wounded.
Terence hits you but does no damage.
You barely miss Terence.
Terence is moderately wounded.
Terence completely misses you.
You hit Terence.
Terence is heavily wounded.
Terence hits you but does no damage.
You hit Terence but do no damage.
Terence is heavily wounded.
Terence hits you but does no damage.
You puncture Terence!
Terence is almost dead.
Terence hits you but does no damage.
You can now pass through a line of other dancers.
You hit Terence but do no damage.
Terence is almost dead.
Terence hits you but does no damage.
You hit Terence but do no damage.
Terence is almost dead.
Terence barely misses you.
You hit Terence.
You kill Terence!
You have reached level 4!
You feel clever.
Your demonic ancestry asserts itself...
Your brain expands.
You start resting.
Your transformation is almost over.
You feel less wooden.
Your +0 helmet unmelds from your body.
Your +0 chain mail unmelds from your body.
You start resting.
HP restored.
Are you sure you want to abandon this character and quit the game? (Confirm with "yes".)

........#
........#
.......#
#......#
#......#
#......#
#...ยง..#
##)##### #@#
... #.#
...######'###
.............#
##
.............#
.#
.............#
.#
#...........#
.#
+...........#
.#
#...........#


There were no monsters in sight!

Vanquished Creatures
  Terence (D:2)
  An adder (D:2)
  5 endoplasms
  A giant cockroach (D:1)
  4 goblins (D:1)
  A hobgoblin (D:1)
  3 jackals (D:1)
  5 quokkas
  3 ball pythons
  6 bats
  3 frilled lizards (D:1)
  3 kobolds (D:1)
  3 rats
39 creatures vanquished.

Notes
Turn   | Place    | Note
-------+----------+-------------------------------------------
     0 | D:1      | Nedwor the Demonspawn Gladiator began the quest for the
                  | Orb.
     0 | D:1      | Reached XP level 1. HP: 16/16 MP: 1/1
   139 | D:1      | Gained mutation: Spells you cast may paralyse adjacent
                  | enemies. [demonic ancestry]
   139 | D:1      | Reached XP level 2. HP: 15/22 MP: 2/2
   666 | D:1      | Reached XP level 3. HP: 28/28 MP: 3/3
   685 | D:1      | Reached skill level 1 in Armour
   990 | D:2      | Found a hide-covered altar of Uskayaw.
  1055 | D:2      | Became a worshipper of Uskayaw the Reveller
  1097 | D:2      | Noticed Terence
  1125 | D:2      | Reached * piety under Uskayaw
  1135 | D:2      | Reached ** piety under Uskayaw
  1138 | D:2      | Killed Terence
  1139 | D:2      | Gained mutation: You have an unusually large brain. (Int
                  | +2) [demonic ancestry]
  1139 | D:2      | Reached XP level 4. HP: 16/34 MP: 4/4
  1237 | D:2      | Quit the game

Illustrated notes

Levels and vault maps discovered:
D:1:      dpeg_arrival_three_smaller_balls, layout_basic
D:2:      layout_basic, basic_altar, minivault_11, uniq_terence

Skill      XL: |  1  2  3 |
---------------+----------+-----
Short Blades   | 3 |  3.5
Dodging        | 3 |  3.1
Armour         | 1 |  1.3
Fighting       | |  2.6
Throwing       | |  1.7

Action                     |  1- 3 |  4- 6 || total
---------------------------+-------+-------++-------
  Melee: Rapier            |   152 |       ||   152
         Punch             |     1 |       ||     1
    Use: Scroll            |     2 |       ||     2
         Potion            |     1 |       ||     1
 Armour: Leather armour    |    46 |       ||    46
         Chain mail        |    61 |       ||    61
         Skin              |    13 |       ||    13
  Dodge: Dodged            |    81 |       ||    81

Table legend: (Time is in decaauts)
 A = Elapsed time spent in this place.
 B = Non-inter-level travel time spent in this place.
 C = Inter-level travel time spent in this place.
 D = Time resting spent in this place.
 E = Time spent auto-exploring this place.
 F = Levels seen in this place.
 G = Mean time per level.
                   A        B        C        D        E       F      G
               +--------+--------+--------+--------+--------+-----+--------+
         Total |   1243 |   1199 |     44 |     98 |    794 |   2 |  621.5 |
       Dungeon |   1243 |   1199 |     44 |     98 |    794 |   2 |  621.5 |
               +--------+--------+--------+--------+--------+-----+--------+

Top non-repeatable levels by time:
     D:1: 920 daAuts
     D:2: 323 daAuts
